 Dungeon Crawl Stone Soup version 0.30.1-4-g462c640d31 (webtiles) character file.

Game seed: 9202857728483110906

2511 jurchenman the Thaumaturge (level 9, -2/38 (45) HPs)
             Began as a Deep Elf Fire Elementalist on Sept 15, 2023.
             Slain by a wight
             ... wielding a +0 scimitar
              (4 damage)
             ... on level 6 of the Dungeon.
             The game lasted 00:28:02 (6922 turns).

jurchenman the Thaumaturge (DEFE)                   Turns: 6922, Time: 00:28:03

HP:   -2/38 (45)    AC:  5    Str:  5    XL:     9   Next: 28%
MP:   18/23         EV: 15    Int: 25    God:
Gold: 387           SH:  0    Dex: 15    Spells: 8/24 levels left

rFire   . . .        n - +2 dagger (venom)
rCold   . . .        (no shield)
rNeg    . . .        a - +0 robe
rPois   .            l - +0 helmet
rElec   .            (no cloak)
rCorr   .            f - +0 pair of gloves
SInv    +            u - +0 pair of boots
Will    .....        (no amulet)
Stlth   ++           c - ring of see invisible
HPRegen 0.26/turn    (no ring)
MPRegen 0.18/turn

%: no passive effects
@: heavily drained
A: no striking features
a: no special abilities


You were on level 6 of the Dungeon.
You visited 2 branches of the dungeon, and saw 8 of its levels.

You collected 387 gold pieces.

Inventory:

Hand Weapons
 g - a +0 mace
 i - a +4 dagger
 n - a +2 dagger of venom (weapon)
 p - a +2 vampiric dagger
Missiles
 k - 41 stones
 o - 2 datura-tipped darts
 t - 4 javelins
 y - 6 boomerangs
Armour
 a - a +0 robe (worn)
 f - a +0 pair of gloves (worn)
 l - a +0 helmet (worn)
 u - a +0 pair of boots (worn)
Jewellery
 c - a ring of see invisible (left hand)
 B - a ring of ice
Wands
 m - a wand of polymorph (10)
 w - a wand of mindburst (15)
 C - a wand of digging (4)
Scrolls
 j - 2 scrolls of teleportation
 s - 3 scrolls of fog
 x - a scroll of amnesia
 z - a scroll of fear
Potions
 b - a potion of magic
 d - 5 potions of curing
 e - a potion of haste {unknown}
 h - a potion of brilliance
 q - a potion of attraction {unknown}
 r - a potion of berserk rage {unknown}
 v - 3 potions of mutation {unknown}
 A - a potion of flight {unknown}
 D - 2 potions of cancellation {unknown}


   Skills:
 - Level 6.2 Dodging
 - Level 2.4 Stealth
 + Level 8.1 Spellcasting
 + Level 6.3 Conjurations
 + Level 3.1 Hexes
 - Level 5.0 Translocations
 + Level 7.1 Fire Magic
 + Level 1.9 Earth Magic


You had 8 spell levels left.
You knew the following spells:

 Your Spells              Type           Power      Damage    Failure   Level
a - Foxfire               Conj/Fire      100%       2x1d9     1%          1
b - Scorch                Fire           90%        2d8       1%          2
c - Volatile Blastmotes   Fire/Tloc      80%        2d16      1%          3
d - Inner Flame           Hex/Fire       35%        N/A       2%          3
e - Flame Wave            Conj/Fire      44%        2d11      3%          4
f - Stone Arrow           Conj/Erth      62%        3d10      3%          3

Your spell library contained the following spells:

 Spells                   Type           Power      Damage    Failure   Level
 Animate Armour           Summ/Erth      30%        N/A       36%         4
 Lehudib's Crystal Spear  Conj/Erth      15%        10d5      100%        8


Dungeon Overview and Level Annotations

Branches:
Dungeon (7/15)             Temple (1/1) D:5

Altars:
Dithmenos
Elyvilon
Fedhas
Gozag
Hepliaklqana
Kikubaaqudgha
Makhleb
Qazlal
Ru
Sif Muna
Trog
Uskayaw
Wu Jian
Xom
Yredelemnul
Zin
The Shining One

Shops:
D:3 [

Annotations:
D:4 2 transporters


Message History

You destroy the wight!
Your life force feels restored.
You start resting.
HP restored.
You start resting.
Magic restored.
You climb downwards.
The wight barely misses you.
There is a stone staircase leading up here.
The wight closely misses you.
The wight hits you with a +1 falchion of freezing.
The wight freezes you.
You climb upwards.
There is a stone staircase leading down here.
You see here a killer bee corpse.
Casting: Scorch (safe; 1% risk of failure)
Confirm with . or Enter, or press ? or * to list all spells.
Flames lash the wight.
The wight is lightly damaged.
The wight's fire resistance burns away.
The wight misses you. The wight hits you with a +0 scimitar!
You feel drained.
Casting: Scorch (safe; 1% risk of failure)
Confirm with . or Enter, or press ? or * to list all spells.
Flames lash the wight.
The wight is moderately damaged.
The wight's fire resistance burns away.
The wight hits you with a +1 falchion of freezing.
You feel drained. The wight freezes you. The wight hits you with a +0 scimitar!
* * * LOW HITPOINT WARNING * * *
The wight is no longer more vulnerable to fire.
There is a stone staircase leading up here.
You feel better. The wight closely misses you.
The wight hits you with a +0 scimitar.
You feel drained.
Casting: Scorch (safe; 1% risk of failure)
Confirm with . or Enter, or press ? or * to list all spells.
Flames lash the wight.
The wight is burned terribly!
The wight is severely damaged.
The wight barely misses you. The wight hits you with a +0 scimitar!
* * * LOW HITPOINT WARNING * * *
You feel drained.
You die...

#.......# ##..............
#.......# #..............
#.......## #.............#
#........# ##.............
#........####.............
#.........##..............
#.........#>..##..........
#.........z.[###..........
##.......@z### ##.........
#........## ###.........
##.......# ###...........
##.....## #.............
#.....# #.............
#....## #.............
###### ##.............
#..............
##.............


You could see 2 wights.

Vanquished Creatures
  Pikel (D:5)
  Grinder (D:3)
  Sigmund (D:3)
  2 ice beasts
  A sky beast (D:6)
  2 ogres (D:4)
  2 lemures (D:5)
  A phantom (D:4)
  2 scorpions (D:5)
  A wight (D:6)
  6 killer bees
  3 howler monkeys
  3 jellies
  2 orc priests
  2 hounds (D:6)
  Ijyb (D:5)
  3 iguanas
  2 orc wizards
  Robin (D:3)
  4 gnolls (D:4)
  13 adders
  A white imp (D:6)
  2 worms
  3 dart slugs
  8 orcs
  8 bats
  9 endoplasms
  5 giant cockroaches
  12 goblins
  11 hobgoblins
  3 quokkas (D:4)
  7 ball pythons
  4 frilled lizards
  4 kobolds
  6 rats
  4 butterflies (D:1)
141 creatures vanquished.

Vanquished Creatures (others)
  235 foxfires
235 creatures vanquished.

Grand Total: 376 creatures vanquished

Notes
Turn   | Place    | Note
-------+----------+-------------------------------------------
     0 | D:1      | jurchenman the Deep Elf Fire Elementalist began the quest
                  | for the Orb.
     0 | D:1      | Reached XP level 1. HP: 10/10 MP: 6/6
   219 | D:1      | Reached XP level 2. HP: 15/15 MP: 6/8
   321 | D:1      | Learned a level 2 spell: Scorch
   439 | D:1      | Found a faded altar of an unknown god.
   856 | D:2      | Reached XP level 3. HP: 19/19 MP: 5/10
   913 | D:2      | Learned a level 3 spell: Volatile Blastmotes
  1127 | D:2      | Reached skill level 4 in Spellcasting
  1302 | D:2      | Reached skill level 1 in Translocations
  1302 | D:2      | Reached XP level 4. HP: 21/24 MP: 7/12
  2131 | D:2      | Learned a level 3 spell: Inner Flame
  2193 | D:3      | Noticed Robin
  2214 | D:3      | Killed Robin
  2410 | D:3      | Noticed Sigmund
  2415 | D:3      | Killed Sigmund
  2416 | D:3      | Reached skill level 5 in Spellcasting
  2416 | D:3      | Reached XP level 5. HP: 19/28 MP: 4/14
  2416 | D:3      | Reached XP level 6. HP: 22/32 MP: 4/15
  2498 | D:3      | Noticed Grinder
  2508 | D:3      | Paralysed by Grinder for 2 turns
  2511 | D:3      | Killed Grinder
  2512 | D:3      | Reached skill level 5 in Fire Magic
  2683 | D:3      | Found Daudwuzuf's Antique Armour Shop.
  2768 | D:3      | Found a bloodstained altar of Trog.
  2768 | D:3      | Found a glowing golden altar of the Shining One.
  3334 | D:4      | Reached XP level 7. HP: 36/36 MP: 13/17
  3556 | D:4      | Noticed a fire bat
  3557 | D:4      | Found a transporter.
  3567 | D:4      | Noticed a fire bat
  3929 | D:4      | Found a glowing silver altar of Zin.
  3934 | D:4      | Reached skill level 6 in Spellcasting
  4093 | D:4      | Found a transporter.
  4265 | D:5      | Entered Level 5 of the Dungeon
  4378 | D:5      | Noticed Ijyb
  4384 | D:5      | Killed Ijyb
  4437 | D:5      | Reached XP level 8. HP: 30/41 MP: 14/19
  4595 | D:5      | Reached skill level 5 in Dodging
  4596 | D:5      | Found an opulent altar of Gozag.
  4746 | D:5      | Noticed Pikel
  4764 | D:5      | Killed Pikel
  4765 | D:5      | Reached skill level 7 in Spellcasting
  4765 | D:5      | Reached skill level 5 in Conjurations
  4866 | D:5      | Found a staircase to the Ecumenical Temple.
  4875 | Temple   | Entered the Ecumenical Temple
  5229 | D:5      | Reached skill level 5 in Translocations
  5536 | D:5      | Learned a level 4 spell: Flame Wave
  5573 | D:6      | Reached skill level 1 in Hexes
  5762 | D:6      | Reached XP level 9. HP: 45/45 MP: 16/22
  5811 | D:6      | Learned a level 3 spell: Stone Arrow
  6007 | D:5      | Reached skill level 1 in Earth Magic
  6195 | D:6      | Found a shimmering altar of Xom.
  6706 | D:6      | Reached skill level 8 in Spellcasting
  6922 | D:6      | HP: 2/40 [wight/+0 scimitar (11)]
  6922 | D:6      | Slain by a wight

Illustrated notes

Levels and vault maps discovered:
D:1:      spicycebolla_arrival_clurvy, layout_basic,
          nicolae_ecumenical_snake_handling
D:2:      layout_basic, grunt_ministairs_11
D:3:      layout_basic, mainiacjoe_overflow_large_starburst, serial_shops, shop,
          uniq_robin, uniq_sigmund, uniq_grinder
D:4:      gammafunk_cloud_chamber, layout_loops_cross,
          mainiacjoe_overflow_small_starburst, minmay_tree_intersection,
          corexii_item_surrounded_by_moat, chequers_serial_rivers_room_b,
          moated_statue, minivault_27
D:5:      layout_loops_ring, grunt_gozag_statues,
          minmay_temple_entry_sparse_star, uniq_pikel, uniq_ijyb
D:6:      layout_cave_pods, brannock_xom_greatest_gift
D:7:      kennysheep_kobold_camp, layout_basic, vehumet_statue
Temple:   hc_temple_tempest_star

Skill      XL: |  1  2  3  4  5  6  7  8  9 |
---------------+----------------------------+-----
Conjurations   | 2 3 4 5 6 |  6.3
Spellcasting   | 4 5 6 7 8 |  8.1
Fire Magic     | 4 5 6 7 |  7.1
Translocations | 1 2 3 4 5 |  5.0
Dodging        | 3 4 6 |  6.2
Hexes          | 1 3 |  3.1
Earth Magic    | 1 |  1.9
Stealth        | |  2.4

Action                     |  1- 3 |  4- 6 |  7- 9 || total
---------------------------+-------+-------+-------++-------
  Melee: Unarmed           |     2 |       |       ||     2
         Mace              |     1 |       |       ||     1
         Dagger            |    18 |    28 |    31 ||    77
         Punch             |       |       |     1 ||     1
   Cast: Foxfire           |    29 |    27 |    76 ||   132
         Scorch            |     6 |    13 |    58 ||    77
    Use: Scroll            |     6 |     4 |     3 ||    13
         Potion            |       |       |     1 ||     1
   Stab: Sleeping          |     4 |     1 |     1 ||     6
 Armour: Robe              |     6 |     9 |    19 ||    34
  Dodge: Dodged            |    18 |    13 |    53 ||    84
